 Dungeon Crawl Stone Soup version 0.26.1-11-gd32895ea62 (webtiles) character file.

Game seed: 7616242382545494089

175 H0rd4k the Insei (level 5, -4/33 HPs)
             Began as an Octopode Transmuter on May 26, 2021.
             Was an Initiate of Gozag.
             Killed from afar by an orc wizard (7 damage)
             ... with a puff of flame
             ... on level 4 of the Dungeon.
             The game lasted 00:02:47 (3585 turns).

H0rd4k the Insei (Octopode Transmuter)              Turns: 3585, Time: 00:02:47

Health: -4/33      AC:  1    Str: 10    XL:     5   Next: 55%
Magic:  8/8        EV: 15    Int: 16    God:    Gozag
Gold:   137        SH:  0    Dex: 24    Spells: 4/8 levels left

rFire    . . .     SeeInvis .     - Unarmed
rCold    . . .     Faith    .   (no shield)
rNeg     . . .     Spirit   .   (helmet restricted)
rPois    .         Reflect  .   (no amulet)
rElec    .         Harm     .   c - +6 ring of dexterity
rCorr    .         Rampage  .   d - +6 ring of dexterity
Will     .....                  (no ring)
Stlth    +++.......             (no ring)
HPRegen  0.11/turn              (no ring)
MPRegen  0.11/turn              (no ring)
                                (no ring)
                                (no ring)

@: gold aura
A: almost no armour, stealthy swim, amphibious, 8 rings, constrict 8, camouflage
1, gelatinous body 1
a: Renounce Religion, Potion Petition, Call Merchant, Bribe Branch


You were on level 4 of the Dungeon.
You worshipped Gozag.
Gozag was aware of your devotion.
You visited 1 branch of the dungeon, and saw 4 of its levels.

You collected 181 gold pieces.
You paid 44 gold pieces to Gozag.

Inventory:

Jewellery
 c - a +6 ring of dexterity (left tentacle)
 d - a +6 ring of dexterity (right tentacle)
Scrolls
 a - 4 scrolls of identify {unknown}
 b - 5 scrolls of teleportation {unknown}
 e - a scroll of magic mapping {unknown}
 f - a scroll of fear {unknown}
 g - a scroll of fog {unknown}
 h - 2 scrolls of remove curse {unknown}
Potions
 i - a potion of attraction {unknown}
 j - a potion of heal wounds {unknown}
 k - a potion of ambrosia {unknown}
 l - a potion of berserk rage {unknown}
 m - a potion of degeneration {unknown}
 n - a potion of curing {unknown}


   Skills:
 + Level 1.5 Fighting
 + Level 2.7 Dodging
 - Level 0.1 Stealth
 + Level 4.5 Unarmed Combat
 * Level 2.4 Spellcasting
 * Level 2.7 Transmutations
 * Level 1.8 Poison Magic


You had 4 spell levels left.
You knew the following spells:

 Your Spells              Type           Power        Failure   Level
a - Beastly Appendage     Tmut           20%          6%          1
b - Spider Form           Tmut/Pois      4%           22%         3

Your spell library contained the following spells:

 Spells                   Type           Power        Failure   Level
 Wereblood                Tmut           10%          10%         2
 Ice Form                 Ice/Tmut       6%           73%         4
 Blade Hands              Tmut           5%           87%         5


Dungeon Overview and Level Annotations

Branches:
Dungeon (4/15)
 Temple: D:4-7

Altars:
Gozag


Innate Abilities, Weirdness & Mutations

You cannot wear most types of armour.
You are very stealthy in the water. (Stealth+)
You are amphibious.
You can wear up to eight rings at the same time.
You can use your tentacles to constrict eight enemies at once.
Your skin changes colour to match your surroundings (Stealth+).
Your rubbery body absorbs attacks. (AC +1, EV +1)


Message History

7 gold pieces; a +0 hand axe; a +0 leather armour Something hits you but does no damage.
You tentacle-slap something.
You hear some strange, mumbled words.
A magic dart appears from out of thin air!
The magic dart hits you!
* * * LOW HITPOINT WARNING * * *
You barely miss something. You squeeze something.
Something hits you but does no damage.
You barely miss something. Your squeeze misses something.
You hear some strange, mumbled words.
A puff of frost appears from out of thin air!
The puff of frost hits you.
* * * LOW HITPOINT WARNING * * *
You closely miss something. Your squeeze misses something.
You hear some strange, mumbled words.
A puff of flame appears from out of thin air!
The puff of flame hits you!
You die...
Your body crumbles into a pile of gold.

#.# #.#
######## #.#
#......# #.#
#.###.## #.#
#.# #.#
#.####.# #.#
#......# #.#
#.##########.##
#..ro{@$......#
###############


You could see an orc and a quokka.

Vanquished Creatures
  A hound (D:3)
  5 adders
  A worm (D:2)
  A dart slug (D:3)
  7 leopard geckos
  8 orcs
  3 ball pythons
  7 bats
  3 giant cockroaches
  9 goblins
  8 hobgoblins
  3 frilled lizards
  10 kobolds
  A quokka zombie (D:2)
  14 rats
81 creatures vanquished.

Notes
Turn   | Place    | Note
-------+----------+-------------------------------------------
     0 | D:1      | H0rd4k the Octopode Transmuter began the quest for the Orb.
     0 | D:1      | Reached XP level 1. HP: 13/13 MP: 3/3
   369 | D:1      | Reached XP level 2. HP: 17/18 MP: 5/5
   911 | D:1      | Reached XP level 3. HP: 20/23 MP: 6/6
  1209 | D:1      | Learned a level 3 spell: Spider Form
  1443 | D:2      | Found a faded altar of an unknown god.
  1458 | D:2      | Reached skill level 4 in Unarmed Combat
  1458 | D:2      | Reached XP level 4. HP: 11/28 MP: 7/7
  2093 | D:2      | Reached skill level 1 in Poison Magic
  2745 | D:3      | Reached XP level 5. HP: 24/33 MP: 8/8
  3074 | D:3      | Found an opulent altar of Gozag.
  3164 | D:3      | Became a worshipper of Gozag Ym Sagoz the Greedy
  3585 | D:4      | Killed from afar by an orc wizard

Illustrated notes

Levels and vault maps discovered:
D:1:      wander_arrival_lonely_grave, layout_rooms, minmay_circled_x
D:2:      layout_basic, chequers_ecumenical_altar_twisty
D:3:      layout_loops_cross, nicolae_gozag_seed_capital
D:4:      layout_basic, minmay_temple_entry_enclosed_plants

Skill      XL: |  1  2  3  4 |
---------------+-------------+-----
Unarmed Combat | 4 |  4.5
Poison Magic   | 1 |  1.8
Fighting       | |  1.5
Dodging        | |  2.7
Stealth        | |  0.1
Spellcasting   | |  2.4
Transmutations | |  2.7

Action                   |  1- 3 |  4- 6 || total
-------------------------+-------+-------++-------
Melee: Unarmed           |    77 |    94 ||   171
       Constrict         |    28 |    29 ||    57
       Tentacles         |    13 |    23 ||    36
       Punch             |     1 |     4 ||     5
 Stab: Sleeping          |     5 |     7 ||    12
       Distracted        |       |     1 ||     1
Armor: Skin              |     6 |     1 ||     7
Dodge: Dodged            |    45 |    54 ||    99
